 Dungeon Crawl Stone Soup version 0.29.1-1-gd02db6906a (webtiles) character file.

Game seed: 84617653046901606

58398 H0rd4k the Carver (level 15, -1/117 HPs)
             Began as a Human Artificer on Sept 27, 2022.
             Was an Initiate of Gozag.
             Slain by a two-headed ogre
             ... wielding a +0 giant spiked club
              (8 damage)
             ... on level 2 of the Orcish Mines.
             The game lasted 00:57:40 (24969 turns).

H0rd4k the Carver (Human Artificer)                Turns: 24969, Time: 00:57:40

Health: -1/117     AC: 25    Str: 16    XL:     15   Next: 29%
Magic:  29/29      EV: 15    Int: 19    God:    Gozag
Gold:   3397       SH:  0    Dex: 18    Spells: 16/35 levels left

rFire   . . .      SeeInvis +   O - +8 falchion of the Keeping Dove {holy, rElec Int-2 SInv Stlth+}
rCold   x . .      Faith    .   z - orb {*Rage}
rNeg    . . .      Spirit   .   H - +4 scale mail of an ossuary {rF+ Str+3}
rPois   +          Reflect  .   g - +0 helmet "Jadolong" {rF+ Regen+}
rElec   +          Harm     .   e - +0 cloak {Stlth+}
rCorr   +          Rampage  .   k - +1 pair of gloves "Zitzav" {Int+3}
Will    .....      Rage     20% l - +0 pair of boots of Inviolability {rCorr Dex+4}
Stlth   +++.......              M - amulet of Elemental Vulnerability {rPois rF-- rC-- AC+8}
HPRegen 1.09/turn               s - ring of wizardry
MPRegen 0.21/turn               F - ring of Qaeble {rPois rC+ Will- rCorr}

@: on berserk cooldown, slowed, very slow
A: no striking features
a: Renounce Religion, Potion Petition, Call Merchant, Bribe Branch


You were on level 2 of the Orcish Mines.
You worshipped Gozag.
Gozag was most pleased with you.
You visited 4 branches of the dungeon, and saw 20 of its levels.

You collected 6769 gold pieces.
You spent 1952 gold pieces at shops.
You paid 1420 gold pieces to Gozag.

Inventory:

Hand Weapons
 o - a +2 short sword of venom
 r - a +3 short sword of flaming
 O - the +8 falchion of the Keeping Dove (weapon) {holy, rElec Int-2 SInv Stlth+}
   (You found it on level 10 of the Dungeon)

   It has been blessed by the Shining One to cause great damage to the undead
   and demons.
   Int:       It affects your intelligence (-2).
   rElec:     It insulates you from electricity.
   SInv:      It lets you see invisible.
   Stlth:     It makes you more stealthy.
 P - the +2 dagger "Giant's Toothpick" {holy, *Corrode MP+9 Str-5 SInv}
   (You found it on level 10 of the Dungeon)

   It has been blessed by the Shining One to cause great damage to the undead
   and demons.
   Str:       It affects your strength (-5).
   MP:        It affects your magic capacity (+9).
   SInv:      It lets you see invisible.
   *Corrode:  It may corrode you when you take damage.
Missiles
 w - a throwing net
 Z - 6 curare-tipped darts
Armour
 e - a +0 cloak of stealth (worn)
 g - the +0 helmet "Jadolong" (worn) {rF+ Regen+}
   (You bought it in a shop on level 8 of the Dungeon)

   rF:        It protects you from fire.
   Regen:     It increases your rate of health regeneration.
 k - the +1 pair of gloves "Zitzav" (worn) {Int+3}
   (You bought it in a shop on level 6 of the Dungeon)

   Int:       It affects your intelligence (+3).
 l - the +0 pair of boots of Inviolability (worn) {rCorr Dex+4}
   (You bought it in a shop on level 8 of the Dungeon)

   Dex:       It affects your dexterity (+4).
   rCorr:     It protects you from acid and corrosion.
 z - an orb of wrath (worn)
 H - the +4 scale mail of an ossuary (worn) {rF+ Str+3}
   (You bought it in a shop on level 6 of the Dungeon)

   Str:       It affects your strength (+3).
   rF:        It protects you from fire.
 V - an orb of mayhem
Jewellery
 b - an amulet of the acrobat
 q - a ring of flight
 s - a ring of wizardry (left hand)
 t - a +4 ring of slaying
 v - a ring of willpower
 A - a ring of protection from fire
 F - the ring of Qaeble (right hand) {rPois rC+ Will- rCorr}
   (You found it on level 7 of the Dungeon)

   [ring of resist corrosion]

   rC:        It protects you from cold.
   rPois:     It protects you from poison.
   rCorr:     It protects you from acid and corrosion.
   Will:      It decreases your willpower.
 M - the amulet of Elemental Vulnerability (around neck) {rPois rF-- rC-- AC+8}
   (You found it on level 8 of the Dungeon)

   [amulet of nothing]

   AC:        It affects your AC (+8).
   rF:        It makes you very vulnerable to fire.
   rC:        It makes you very vulnerable to cold.
   rPois:     It protects you from poison.
 R - a ring of poison resistance
Wands
 d - a wand of charming (6)
 n - a wand of acid (3)
 I - a wand of paralysis (9)
 T - a wand of iceblast (1)
 U - a wand of flame (38)
Scrolls
 h - 4 scrolls of teleportation
 u - 3 scrolls of magic mapping
 y - 3 scrolls of fog
 C - a scroll of amnesia
 W - 4 scrolls of fear
Potions
 a - 6 potions of curing
 c - 2 potions of resistance {unknown}
 f - 2 potions of invisibility
 j - a potion of berserk rage
 p - 6 potions of brilliance {unknown}
 x - a potion of might {unknown}
 B - 2 potions of mutation
 D - a potion of ambrosia
 E - 2 potions of flight
 G - a potion of heal wounds
 K - 2 potions of cancellation
 N - a potion of magic
Miscellaneous
 i - a piece from Xom's chessboard (15/15)
 Q - a tin of tremorstones (2/2)


   Skills:
 - Level 10.4 Fighting
 + Level 9.7(12.1) Short Blades
 + Level 11.6(13.0) Long Blades
 - Level 3.4 Maces & Flails
 + Level 4.4 Armour
 + Level 10.0 Dodging
 + Level 1.6 Stealth
 * Level 10.6 Spellcasting
 + Level 2.3 Hexes
 + Level 8.7 Summonings
 + Level 2.5 Translocations
 + Level 3.1 Evocations


You had 16 spell levels left.
You knew the following spells:

 Your Spells              Type           Power      Damage    Failure   Level
a - Blink                 Tloc           38%        N/A       4%          2
b - Call Canine Familiar  Summ           43%        N/A       1%          3
c - Inner Flame           Hex/Fire       14%        N/A       16%         3
d - Animate Armour        Summ/Erth      52%        N/A       16%         4
e - Summon Hydra          Summ           21%        N/A       89%         7

Your spell library contained the following spells:

 Spells                   Type           Power      Damage    Failure   Level
 Apportation              Tloc           38%        N/A       3%          1
 Slow                     Hex            76%        N/A       3%          1
 Foxfire                  Conj/Fire      40%        2x1d6     10%         1
 Gell's Gravitas          Tloc           19%        N/A       10%         3
 Lesser Beckoning         Tloc           19%        N/A       10%         3
 Teleport Other           Tloc           19%        N/A       10%         3
 Confusing Touch          Hex            19%        N/A       11%         3
 Portal Projectile        Hex/Tloc       38%        N/A       11%         3
 Sublimation of Blood     Necr           10%        N/A       14%         2
 Wereblood                Tmut           10%        N/A       14%         2
 Dazzling Flash           Conj/Hex       28%        N/A       16%         3
 Conjure Flame            Conj/Fire      10%        6-21      26%         3
 Ozocubu's Armour         Ice            10%        N/A       26%         3
 Vampiric Draining        Necr           10%        2d6       26%         3
 Leda's Liquefaction      Hex/Erth       7%         N/A       45%         4
 Manifold Assault         Tloc           19%        N/A       63%         5
 Flame Wave               Conj/Fire      10%        2d6       65%         4
 Metabolic Englaciation   Hex/Ice        7%         N/A       80%         5
 Silence                  Hex/Air        7%         N/A       80%         5
 Agony                    Necr           10%        N/A       92%         5
 Alistair's Intoxication  Tmut/Pois      6%         N/A       92%         5
 Blade Hands              Tmut           5%         N/A       92%         5
 Irradiate                Conj/Tmut      5%         3d13      92%         5
 Malign Gateway           Summ/Tloc      15%        N/A       99%         7
 Iron Shot                Conj/Erth      5%         9d2       100%        6
 Dragon Form              Tmut           5%         N/A       100%        7
 Summon Horrible Things   Summ           21%        N/A       100%        8
 Chain Lightning          Conj/Air       5%         3d6       100%        9
 Fire Storm               Conj/Fire      5%         8d1       100%        9
 Shatter                  Erth           5%         3d8*      100%        9
 Simulacrum               Ice/Necr       Unusable   N/A       N/A         6

Dungeon Overview and Level Annotations

Branches:
Dungeon (12/15)            Temple (1/1) D:4            Lair (5/5) D:8
 Shoals (0/4) Lair:2       Spider (0/4) Lair:2        Slime (0/5) Lair:5
    Orc (2/2) D:11
    Elf: Orc:2

Altars:
Ashenzari
Cheibriados
Dithmenos
Elyvilon
Fedhas
Gozag
Kikubaaqudgha
Makhleb
Nemelex Xobeh
Okawaru
Qazlal
Ru
Sif Muna
Trog
Uskayaw
Vehumet
Wu Jian
Xom
Yredelemnul
Zin
The Shining One
Jiyva

Shops:
D:6 [   D:8 [[

Annotations:
D:7 exclusion: upstairs
D:9 1 exclusion
D:11 exclusion: downstairs
Temple 2 transporters
Lair:4 exclusion: downstairs
Orc:1 exclusion: 2 downstairs


Message History

* * * LOW HITPOINT WARNING * * *
The two-headed ogre hits you but does no damage.
You slash the two-headed ogre!
The two-headed ogre is severely wounded.
You slice the two-headed ogre!!
You kill the two-headed ogre!
You are too berserk!
Unknown command.
You feel a strong urge to attack something.
The two-headed ogre is distracted by your dazzling golden aura.
You are no longer berserk.
You are exhausted.
You feel yourself slow down.
The two-headed ogre is no longer distracted by gold.
The ogre mage casts a spell at something.
Aiming: Iceblast
Press: ? - help, Shift-Dir - straight line, f - two-headed ogre
Aim: a two-headed ogre, wielding a +0 giant spiked club and a +0 giant club (fast)
The mass of ice explodes!
The iceblast engulfs the two-headed ogre!
The two-headed ogre is lightly wounded.
The iceblast engulfs the two-headed ogre!!
The two-headed ogre is heavily wounded.
You hear a shout! x2
The two-headed ogre barely misses you. The two-headed ogre closely misses you.
The two-headed ogre is distracted by your dazzling golden aura.
The two-headed ogre shouts in stereo!
You hear a shout!
The two-headed ogre barely misses you. The two-headed ogre misses you.
The ogre mage points at you and mumbles some strange words.
The bolt of magma misses you.
The two-headed ogre hits you with a +0 giant spiked club!
* * * LOW HITPOINT WARNING * * *
The two-headed ogre hits you with a +0 giant club!
* * * LOW HITPOINT WARNING * * *
The ogre mage points at you and mumbles some strange words.
The bolt of magma hits you.
* * * LOW HITPOINT WARNING * * *
The two-headed ogre hits you with a +0 giant spiked club!
You die...
Your body crumbles into a pile of gold.

###### ##..#.## #......# ##.$..#
##..O..#### ##.O.....#.## ..
#..OO#..#$..# #.####@##....#.##
##..######...#...# #####
#....#.###...#..##
##.#.###.......##......#
##.....#........#.#.....###
.#.#.#.##.......#..........##
$......#.....O.......<......###
......O$#)O..O.......$........###
.....OOO##O.O......O............#


You could see 2 two-headed ogres, an ogre mage (invisible) and an ogre (fast).

Vanquished Creatures
  An orc warlord (D:11)
  Snorg (Lair:3)
  Josephine (Lair:3)
  A boulder beetle (Lair:4)
  A hydra (Lair:4)
  3 ogre magi (Orc:2)
  13 two-headed ogres
  4 death yaks (Lair:5)
  A deep troll shaman (Lair:5)
  Sonja (Lair:3)
  An orange crystal statue (D:10)
  A lindwurm (Lair:5)
  An orc sorcerer (D:11)
  11 elephants
  2 black mambas (Lair:5)
  6 cane toads
  7 komodo dragons
  Maggie (D:6)
  2 rime drakes
  3 polar bears
  7 trolls
  3 hornets (D:9)
  Grinder (D:5)
  8 blink frogs (Lair:5)
  4 dream sheep (Lair:3)
  8 slime creatures
  The ghost of nessiah the Chiller, an amateur DEIE (D:4)
  2 spriggans (Lair:2)
  4 wraiths
  A shadow (D:12)
  5 wyverns
  A hog (shapeshifter) (D:11)
  41 yaks
  4 basilisks
  An unseen horror simulacrum (D:9)
  2 steam dragons
  10 vampire mosquitoes
  Edmund (D:6)
  7 wargs
  8 water moccasins
  2 acid dragons
  6 black bears
  An ice beast (D:9)
  11 orc warriors
  A sky beast (D:7)
  22 ogres
  7 centaurs
  9 wolves
  6 bullfrogs
  5 kobold brigands
  3 gnoll sergeants
  8 scorpions
  3 necrophages
  3 wights (D:10)
  Dowan (D:4)
  12 killer bees
  5 electric eels
  2 howler monkeys
  2 jellies
  2 hounds
  3 quasits (D:4)
  A wyvern simulacrum (D:9)
  10 orc priests
  15 orc wizards
  Natasha (thrice) (D:2)
  3 iguanas
  A killer bee simulacrum (D:9)
  20 gnolls
  9 adders
  2 shadow imps (D:7)
  A white imp (D:7)
  An ufetubus (D:9)
  3 worms
  A dart slug (D:1)
  26 orcs
  4 ball pythons
  5 endoplasms
  10 giant cockroaches
  7 hobgoblins
  2 jackals (D:2)
  72 kobolds
  4 quokkas
  3 bats
  2 frilled lizards
  3 goblins (D:1)
  A rat (D:2)
  3 butterflies
507 creatures vanquished.

Vanquished Creatures (collateral kills)
  2 hydras (Lair:5)
  A catoblepas (Lair:5)
  A death yak (Lair:5)
  A slime creature (D:12)
  2 cane toads
  A kobold demonologist (D:12)
  A blink frog (Lair:5)
  A yak (Lair:1)
  Duvessa (D:5)
  An orc warrior (Orc:2)
  4 ogres (Orc:2)
  A wolf (Lair:2)
  A bullfrog (Lair:3)
  2 orc wizards (Orc:1)
  6 gnolls
  An orc (Orc:1)
  A butterfly (Lair:2)
28 creatures vanquished.

Vanquished Creatures (others)
  A slime creature (D:12)
  A white imp (D:9)
  26 fungi
  33 plants
61 creatures vanquished.

Grand Total: 596 creatures vanquished

Notes
Turn   | Place    | Note
-------+----------+-------------------------------------------
     0 | D:1      | H0rd4k the Human Artificer began the quest for the Orb.
     0 | D:1      | Reached XP level 1. HP: 15/15 MP: 1/1
   231 | D:1      | Found a faded altar of an unknown god.
   392 | D:1      | Reached XP level 2. HP: 13/21 MP: 2/2
   711 | D:1      | Reached skill level 1 in Maces & Flails
  1242 | D:1      | Reached XP level 3. HP: 24/27 MP: 3/3
  1829 | D:2      | Reached XP level 4. HP: 27/33 MP: 4/4
  1890 | D:2      | Noticed Natasha
  1896 | D:2      | Killed Natasha
  1925 | D:2      | Noticed Natasha
  1926 | D:2      | Killed Natasha
  1927 | D:2      | Reached XP level 5. HP: 32/39 MP: 5/5
  1986 | D:2      | Noticed Natasha
  2203 | D:2      | Killed Natasha
  2842 | D:3      | Noticed an ogre
  2854 | D:3      | Killed an ogre
  2855 | D:3      | Reached skill level 1 in Short Blades
  2855 | D:3      | Reached XP level 6. HP: 47/47 MP: 5/7
  2998 | D:3      | Reached skill level 1 in Spellcasting
  3681 | D:3      | Reached XP level 7. HP: 40/52 MP: 9/9
  4361 | D:4      | Found a transporter.
  4368 | D:4      | Found a transporter.
  4402 | D:4      | Found a staircase to the Ecumenical Temple.
  4425 | Temple   | Entered the Ecumenical Temple
  4425 | Temple   | Found a transporter.
  4425 | Temple   | Found a transporter.
  4427 | Temple   | Found a transporter.
  4427 | Temple   | Found a transporter.
  4438 | Temple   | Became a worshipper of Gozag Ym Sagoz the Greedy
  4678 | D:4      | Noticed nessiah's ghost (amateur DEIE)
  5093 | D:5      | Entered Level 5 of the Dungeon
  5139 | D:5      | Noticed Dowan
  5142 | D:5      | Noticed Duvessa
  5163 | D:5      | Killed Duvessa
  5164 | D:5      | Reached XP level 8. HP: 34/60 MP: 11/11
  5369 | D:5      | Found a runed translucent door.
  5371 | D:5      | Found a runed translucent door.
  5437 | D:5      | Noticed Grinder
  5451 | D:5      | Paralysed by Grinder for 2 turns
  5458 | D:5      | Killed Grinder
  6107 | D:5      | Learned a level 2 spell: Blink
  6111 | D:5      | Learned a level 3 spell: Call Canine Familiar
  6115 | D:5      | Learned a level 3 spell: Inner Flame
  6298 | D:6      | Noticed a troll
  6391 | D:5      | Reached skill level 5 in Short Blades
  6391 | D:5      | Reached skill level 1 in Hexes
  6391 | D:5      | Reached skill level 1 in Translocations
  6392 | D:5      | Reached skill level 1 in Summonings
  6399 | D:5      | Reached XP level 9. HP: 51/66 MP: 14/14
  6494 | D:6      | Found Omoisox's Antique Armour Emporium.
  6583 | D:6      | Bought a pair of pitted gloves for 218 gold pieces
  6583 | D:6      | Identified the +1 pair of gloves "Zitzav" {Int+3} (You
                  | bought it in a shop on level 6 of the Dungeon)
  6583 | D:6      | Bought a topaz-encrusted scale mail for 207 gold pieces
  6583 | D:6      | Identified the +4 scale mail of an ossuary {rF+ Str+3} (You
                  | bought it in a shop on level 6 of the Dungeon)
  6744 | D:6      | Noticed Maggie
  6757 | D:6      | Killed Maggie
  6758 | D:6      | Reached skill level 5 in Dodging
  6807 | D:6      | Noticed Edmund
  6830 | D:6      | Killed Edmund
  6959 | D:6      | Reached skill level 5 in Fighting
  7331 | D:7      | Reached XP level 10. HP: 55/74 MP: 16/16
  7460 | D:7      | Identified the ring of Qaeble {rPois rC+ Will- rCorr}
  8143 | D:7      | Found a white marble altar of Elyvilon.
  8263 | D:8      | Reached skill level 5 in Spellcasting
  8556 | D:8      | Found the amulet of Elemental Vulnerability {rPois rF--
                  | rC-- AC+8}
  8602 | D:8      | Found a shimmering altar of Xom.
  8602 | D:8      | Found a bloodstained altar of Trog.
  9064 | D:8      | Found a staircase to the Lair.
  9598 | D:9      | Reached XP level 11. HP: 76/83 MP: 19/19
  9857 | D:9      | Found a transporter.
 10590 | D:10     | Entered Level 10 of the Dungeon
 11529 | D:10     | Noticed an orange crystal statue
 11617 | D:10     | Killed an orange crystal statue
 11628 | D:10     | Identified the +8 falchion of the Keeping Dove {holy, rElec
                  | Int-2 SInv Stlth+}
 11632 | D:10     | Identified the +2 dagger "Giant's Toothpick" {holy,
                  | *Corrode MP+9 Str-5 SInv}
 11993 | D:11     | Found a staircase to the Orcish Mines.
 12449 | D:11     | Reached skill level 1 in Long Blades
 12449 | D:11     | Reached XP level 12. HP: 81/93 MP: 22/22
 12612 | D:11     | Found a blossoming altar of Fedhas.
 12797 | D:12     | Noticed a two-headed ogre
 12806 | D:12     | Killed a two-headed ogre
 12807 | D:12     | Reached skill level 2 in Long Blades
 12967 | D:11     | Reached skill level 3 in Long Blades
 13197 | D:12     | Reached skill level 4 in Long Blades
 13615 | D:4      | Killed Dowan
 13680 | D:4      | Killed nessiah's ghost
 14230 | D:8      | Bought a glowing cloak for 285 gold pieces
 14230 | D:8      | Bought a scorched scale mail for 342 gold pieces
 14230 | D:8      | Identified the +0 scale mail "Wuetsekh" {Harm rF+ Int-3
                  | Dex+2} (You bought it in a shop on level 8 of the Dungeon)
 14267 | D:8      | Identified a scroll of acquirement
 14271 | D:8      | Acquired 943 gold pieces
 14391 | Lair:1   | Entered Level 1 of the Lair of Beasts
 15326 | Lair:2   | Reached skill level 5 in Summonings
 15487 | Lair:2   | Reached skill level 5 in Long Blades
 15555 | Lair:2   | Found a staircase to the Shoals.
 15936 | Lair:2   | Found a hole to the Spider Nest.
 16022 | Lair:2   | Reached XP level 13. HP: 101/101 MP: 21/25
 16074 | Lair:2   | Reached skill level 6 in Long Blades
 17035 | Lair:3   | Noticed Josephine
 17037 | Lair:3   | Noticed Sonja
 17053 | Lair:3   | Killed Josephine
 17340 | Lair:3   | Reached skill level 7 in Long Blades
 17576 | Lair:3   | Noticed Snorg
 17594 | Lair:3   | Killed Snorg
 17864 | Lair:3   | Killed Sonja
 18353 | Lair:3   | Learned a level 4 spell: Animate Armour
 18361 | Lair:3   | Learned a level 7 spell: Summon Hydra
 18982 | Lair:4   | Reached skill level 8 in Long Blades
 19265 | Lair:4   | Noticed a five-headed hydra
 19275 | Lair:4   | Killed a five-headed hydra
 19498 | Lair:4   | Noticed a boulder beetle
 19533 | Lair:4   | HP: 1/102 [boulder beetle (11)]
 19536 | Lair:4   | Killed a boulder beetle
 20307 | D:8      | Bought a slimy chain mail for 228 gold pieces
 20307 | D:8      | Identified the +6 chain mail "Besy" {rF+ Int-5 Dex+5
                  | Slay+5} (You bought it in a shop on level 8 of the Dungeon)
 20307 | D:8      | Bought a scorched helmet for 228 gold pieces
 20307 | D:8      | Identified the +0 helmet "Jadolong" {rF+ Regen+} (You
                  | bought it in a shop on level 8 of the Dungeon)
 20307 | D:8      | Bought a pair of buzzing boots for 228 gold pieces
 20307 | D:8      | Identified the +0 pair of boots of Inviolability {rCorr
                  | Dex+4} (You bought it in a shop on level 8 of the Dungeon)
 20349 | D:8      | Bought a jade-encrusted ring mail for 216 gold pieces
 20349 | D:8      | Identified the +1 ring mail of Ragog {rCorr} (You bought it
                  | in a shop on level 8 of the Dungeon)
 20518 | Lair:5   | Entered Level 5 of the Lair of Beasts
 20547 | Lair:5   | Noticed a four-headed hydra
 20627 | Lair:5   | Reached XP level 14. HP: 109/109 MP: 21/27
 20732 | Lair:5   | Reached skill level 9 in Long Blades
 21308 | Lair:5   | Reached skill level 10 in Fighting
 21418 | Lair:5   | Found a viscous altar of Jiyva.
 21418 | Lair:5   | Found a staircase to the Slime Pits.
 22027 | Lair:5   | Reached skill level 10 in Long Blades
 22434 | Lair:5   | Reached skill level 10 in Spellcasting
 22942 | Orc:1    | Entered Level 1 of the Orcish Mines
 23249 | Orc:1    | Noticed an orc warlord
 23513 | D:11     | Killed an orc warlord
 23984 | Orc:2    | Entered Level 2 of the Orcish Mines
 24434 | Orc:2    | Reached XP level 15. HP: 117/117 MP: 29/29
 24541 | Orc:2    | Reached skill level 11 in Long Blades
 24545 | Orc:2    | Reached skill level 10 in Dodging
 24968 | Orc:2    | HP: 5/117 [ogre mage/bolt of magma (6)]
 24969 | Orc:2    | Slain by a two-headed ogre

Illustrated notes

Levels and vault maps discovered:
D:1:      elethiomel_arrival_maze, layout_basic, ebering_ecumenical_altar_box
D:2:      layout_rooms, minmay_split_cup_small, uniq_natasha
D:3:      minmay_goblin_kobold_castle, layout_loops_cross
D:4:      layout_basic, minmay_temple_entry_waves, gammafunk_ghost_stat_death,
          grunt_ministairs_10
D:5:      lemuel_insect_pit, layout_gridville, uniq_grinder, uniq_duvessa
D:6:      layout_loops_corners, serial_shops, shop, uniq_edmund, uniq_maggie
D:7:      layout_gridville, nicolae_elyvilon_temple_path
D:8:      layout_basic, gammafunk_temple_overflow_elements,
          grunt_lair_entry_orc_guard_hut, minmay_misc_feat_square
D:9:      layout_roguey, serial_ice, serial_ice_g, serial_ice_f, serial_ice_k,
          serial_ice_m, roderic_lattice_a, nicolae_diode_basic
D:10:     layout_basic, hex_medium, small_statue_alley_a, minivault_15,
          hangedman_decor_opposing
D:11:     layout_big_octagon, minmay_orc_entry_guard_dogs, fedhas_altar_4
D:12:     layout_basic
Temple:   hellmonk_temple_divided_pantheon
Lair:1:   layout_chaotic_city
Lair:2:   layout_roguey, minmay_shoals_entry_centaurs, dummy_spider_entry,
          forest_entry_grove, lemuel_fruit_fields, infiniplex_staircase_pool
Lair:3:   layout_regular_city, uniq_sonja, uniq_snorg, uniq_josephine
Lair:4:   layout_gridlike
Lair:5:   grunt_lair_end_beastmaster, layout_cave_pods,
          minmay_slime_entry_pillars
Orc:1:    layout_caves
Orc:2:    st_orc_ogre_mass, layout_caves

Skill      XL: |  1  2  3  4  5  6  7  8  9 10 11 12 13 14 15 |
---------------+----------------------------------------------+-----
Maces & Flails | 1 2 3 |  3.4
Fighting       | 2 3 4 5 6 8 9 10 | 10.4
Dodging        | 2 3 4 5 6 8 9 10 | 10.0
Short Blades   | 1 2 3 5 6 8 9 |  9.7
Spellcasting   | 1 2 3 4 5 6 8 9 10 | 10.6
Hexes          | 1 2 |  2.3
Translocations | 1 2 |  2.5
Summonings     | 1 2 3 5 7 8 |  8.7
Long Blades    | 1 5 8 10 11 | 11.6
Armour         | 3 4 |  4.4
Stealth        | |  1.6
Evocations     | |  3.1

Action                   |  1- 3 |  4- 6 |  7- 9 | 10-12 | 13-15 || total
-------------------------+-------+-------+-------+-------+-------++-------
Melee: Club              |    76 |    10 |       |       |       ||    86
       Punch             |     1 |     1 |     4 |    20 |       ||    26
       Short sword       |       |   148 |   411 |   803 |    10 ||  1372
       Falchion          |       |       |       |   466 |  1055 ||  1521
       Dagger            |       |       |       |    65 |    10 ||    75
 Cast: Call Canine Famil |       |       |       |    12 |    52 ||    64
       Blink             |       |       |       |     1 |       ||     1
Invok: Call Merchant     |       |       |       |     1 |     1 ||     2
Evoke: Wand              |     4 |     9 |    14 |    16 |    17 ||    60
  Use: Scroll            |       |       |     6 |    15 |    14 ||    35
       Potion            |       |       |       |     1 |     4 ||     5
 Stab: Sleeping          |       |     3 |       |     1 |     3 ||     7
       Distracted        |       |       |     1 |    10 |    16 ||    27
       Paralysed         |       |       |       |     7 |       ||     7
Armor: Leather armour    |    16 |    67 |    86 |       |       ||   169
       Skin              |       |     1 |       |       |       ||     1
       Scale mail        |       |       |    52 |   686 |   609 ||  1347
Dodge: Dodged            |    55 |   130 |   224 |   741 |   739 ||  1889
